 Dungeon Crawl Stone Soup version 0.21.1-72-gffa868e (webtiles) character file.

175 wojtek the Chopper (level 5, -2/46 HPs)
             Began as a Minotaur Fighter on Aug 5, 2018.
             Slain by sbat's ghost (15 damage)
             ... on level 3 of the Dungeon.
             The game lasted 00:02:14 (1853 turns).

wojtek the Chopper (Minotaur Fighter)               Turns: 1853, Time: 00:02:14

Health: -2/46      AC:  7    Str: 22    XL:     5   Next: 29%
Magic:  4/4        EV:  7    Int:  5    God:
Gold:   98         SH:  9    Dex:  9    Spells: 4/4 levels left

rFire    . . .     SeeInvis .   a - +0 war axe
rCold    . . .     Gourm    .   c - +0 shield
rNeg     . . .     Faith    .   b - +0 scale mail
rPois    .         Spirit   .   (helmet restricted)
rElec    .         Reflect  .   (no cloak)
rCorr    .         Harm     .   (no gloves)
MR       .....                  (no boots)
Stlth    ..........             (no amulet)
HPRegen  0.15/turn              (no ring)
MPRegen  0.09/turn              (no ring)

@: no status effects
A: retaliatory headbutt, horns 2
a: no special abilities


You were on level 3 of the Dungeon.
You were not hungry.

You visited 1 branch of the dungeon, and saw 3 of its levels.

You collected 98 gold pieces.

Inventory:

Hand Weapons
 a - a +0 war axe (weapon)
Armour
 b - a +0 scale mail (worn)
 c - a +0 shield (worn)
Jewellery
 l - an uncursed ring of poison resistance {unknown}
Scrolls
 h - 2 scrolls of remove curse {unknown}
 i - a scroll of noise {unknown}
 j - 2 scrolls of identify {unknown}
Potions
 d - a potion of might
 e - 3 potions of curing {unknown}
 k - a potion of brilliance {unknown}
Comestibles
 f - 4 rations
 g - 6 chunks of flesh


   Skills:
 + Level 3.7 Fighting
 + Level 6.4 Axes
 + Level 3.7 Armour
 + Level 0.4 Dodging
 + Level 3.7 Shields


You had 4 spell levels left.
You didn't know any spells.

Dungeon Overview and Level Annotations

Branches:
Dungeon (3/15)

Altars:
Cheibriados
Kikubaaqudgha

Annotations:
D:1 swim?
D:3 sbat's ghost, amateur TrFi


Innate Abilities, Weirdness & Mutations

You reflexively headbutt those who attack you in melee.
You have a pair of horns on your head.


Message History

You closely miss sbat's ghost.
Sbat's ghost is severely damaged.
You block sbat's ghost's attack. x2
You hit sbat's ghost. Your headbutt misses sbat's ghost.
Sbat's ghost is severely damaged.
You block sbat's ghost's attack.
You hit sbat's ghost but do no damage. Your headbutt misses sbat's ghost.
Sbat's ghost is severely damaged.
Sbat's ghost hits you!
* * * LOW HITPOINT WARNING * * *
You barely miss sbat's ghost. Your headbutt misses sbat's ghost.
Sbat's ghost is severely damaged.
Sbat's ghost whispers, "There is no future for you."
Sbat's ghost barely misses you.
You closely miss sbat's ghost.
You headbutt sbat's ghost, but do no damage.
Sbat's ghost is severely damaged.
Sbat's ghost hits you but does no damage.
Sbat's ghost hits you!
You die...

.......#
#........#
.......#
#........#
.......#
#........#
#........#
#........# #####
#######.########
.....
................
#####
#######.########
#@# #####
#########W#
....#
........hh#####
....#
#........h....#
....#
..............#
#####
..............#
..............#
..............#
..............#


You could see sbat's ghost and 3 jackals.

Vanquished Creatures
  Terence (D:2)
  Robin (D:2)
  6 adders
  2 oozes
  A dart slug (D:2)
  2 leopard geckos
  4 giant cockroaches
  15 goblins
  6 hobgoblins
  7 jackals
  3 kobolds (D:2)
  A quokka (D:2)
  A ball python zombie (D:1)
  11 bats
  6 frilled lizards
  A leopard gecko zombie (D:1)
  5 rats
73 creatures vanquished.

Notes
Turn   | Place    | Note
-------+----------+-------------------------------------------
     0 | D:1      | wojtek the Minotaur Fighter began the quest for the Orb.
     0 | D:1      | Reached XP level 1. HP: 19/19 MP: 0/0
    52 | D:1      | Reached skill level 3 in Axes
    54 | D:1      | Reached XP level 2. HP: 21/26 MP: 1/1
   226 | D:1      | Reached skill level 4 in Axes
   304 | D:1      | Reached XP level 3. HP: 31/31 MP: 2/2
   856 | D:2      | Noticed Robin
   861 | D:2      | Reached skill level 5 in Axes
   866 | D:2      | Killed Robin
   866 | D:2      | Reached XP level 4. HP: 29/39 MP: 3/3
  1092 | D:2      | Noticed Terence
  1104 | D:2      | Killed Terence
  1104 | D:2      | Reached skill level 6 in Axes
  1467 | D:2      | Found an ancient bone altar of Kikubaaqudgha.
  1494 | D:2      | Reached XP level 5. HP: 43/45 MP: 4/4
  1564 | D:2      | Found a snail-covered altar of Cheibriados.
  1835 | D:3      | Noticed sbat's ghost (amateur TrFi)
  1853 | D:3      | Slain by sbat's ghost

Skill      XL: |  1  2  3  4 |
---------------+-------------+-----
Axes           | 3 4 5 6 |  6.4
Fighting       | |  3.7
Armour         | |  3.7
Dodging        | |  0.4
Shields        | |  3.7

Action                   |  1- 3 |  4- 6 || total
-------------------------+-------+-------++-------
Melee: War axe           |    71 |    73 ||   144
       Headbutt          |    14 |    12 ||    26
  Eat: Chunk             |       |     3 ||     3
Armor: Scale mail        |    55 |    24 ||    79
Dodge: Dodged            |    37 |    26 ||    63
Block: Shield            |    49 |    40 ||    89
